 Dungeon Crawl Stone Soup version 0.19-a0-1920-g83281cb (webtiles) character file.

6603 KristoblXynda the Covert (level 10, 0/44 HPs)
             Began as a Spriggan Artificer on Oct 24, 2016.
             Was a Follower of Uskayaw.
             Killed by divine providence
             ... invoked by an orc priest
              (15 damage)
             ... on level 9 of the Dungeon.
             The game lasted 00:24:10 (8512 turns).

KristoblXynda the Covert (Spriggan Artificer)       Turns: 8512, Time: 00:24:10

Health: 0/44       AC:  9    Str: 12    XL:     10   Next: 71%
Magic:  16/16      EV: 24    Int: 15    God:    Uskayaw [*.....]
Gold:   545        SH:  9    Dex: 18    Spells: 0 memorised, 9 levels left

rFire  . . .     SeeInvis +     B - +0 short sword (flame)
rCold  . . .     Gourm    .     F - +2 troll leather armour
rNeg   . . .     Faith    .     w - +1 buckler {reflect}
rPois  .         Spirit   .     (helmet restricted)
rElec  .         Reflect  +     s - +2 cloak
rCorr  .         Harm     .     (gloves unavailable)
MR     ++...                    (boots unavailable)
Stlth  ++++++....               (no amulet)
                                y - +4 ring of strength
                                h - ring of protection from magic

@: very quick
A: unfitting armour, see invisible, herbivore 3, speed 3, slow metabolism 2
a: Stomp, Renounce Religion


You were on level 9 of the Dungeon.
You worshipped Uskayaw.
Uskayaw was noncommittal.
You were not hungry.

You visited 2 branches of the dungeon, and saw 10 of its levels.

You collected 545 gold pieces.

Inventory:

Hand Weapons
 B - a +0 short sword of flaming (weapon)
Missiles
 K - a throwing net
Armour
 s - a +2 cloak (worn)
 w - a +1 buckler of reflection (worn)
 F - a +2 troll leather armour (worn)
Jewellery
 h - a ring of protection from magic (left hand)
 t - an uncursed amulet of regeneration
 u - an uncursed amulet of magic regeneration
 y - a +4 ring of strength (right hand)
 E - a +2 ring of protection
Wands
 c - a wand of flame (15/48)
 e - a wand of iceblast (0/15)
 k - a wand of flame (20/48)
 G - a wand of heal wounds (2/9)
 P - a wand of iceblast (0/15)
Scrolls
 g - 2 scrolls of magic mapping
 i - 5 scrolls of teleportation
 l - 4 scrolls of remove curse
 m - a scroll of amnesia
 D - a scroll of recharging
Potions
 a - 3 potions of invisibility
 j - 3 potions of brilliance
 n - 3 potions of flight
 o - 3 potions of agility
 p - a potion of haste
 q - a potion of heal wounds
 r - 2 potions of lignification
 z - 4 potions of mutation {unknown}
 A - 7 potions of curing {unknown}
 I - a potion of magic {unknown}
 N - a potion of degeneration {unknown}
Books
 d - a book of Geomancy

   Spells                             Type                      Level
   a - Sandblast                      Earth                        1
   b - Passwall                       Transmutation/Earth          2
   c - Stone Arrow                    Conjuration/Earth            3
   d - Petrify                        Transmutation/Earth          4
   e - Lee's Rapid Deconstruction     Earth                        5
 x - Sif Muna's Volume of the Nocuous Frostbite
   (You found it on level 5 of the Dungeon)

   Spells                             Type                      Level
   a - Ensorcelled Hibernation        Hexes/Ice                    2
   b - Alistair's Intoxication        Transmutation/Poison         5
   c - Freezing Cloud                 Conjuration/Ice/Air          6
 H - a book of Cantrips

   Spells                             Type                      Level
   a - Confusing Touch                Hexes                        1
   b - Animate Skeleton               Necromancy                   1
   c - Summon Small Mammal            Summoning                    1
   d - Apportation                    Translocation                1
 M - a book of Minor Magic

   Spells                             Type                      Level
   a - Magic Dart                     Conjuration                  1
   b - Blink                          Translocation                2
   c - Call Imp                       Summoning                    2
   d - Repel Missiles                 Charms/Air                   2
   e - Slow                           Hexes                        2
   f - Conjure Flame                  Conjuration/Fire             3
   g - Mephitic Cloud                 Conjuration/Poison/Air       3
Miscellaneous
 C - a lamp of fire (inert)
Comestibles
 f - 9 bread rations
 v - a royal jelly
 J - 9 fruits
 L - a slice of pizza


   Skills:
 - Level 0.7 Fighting
 - Level 6.0 Short Blades
 + Level 0.1 Armour
 - Level 8.8 Dodging
 - Level 14.1 Stealth
 + Level 5.6 Shields
 + Level 6.0 Invocations
 - Level 7.0 Evocations


You had 9 spell levels left.
You didn't know any spells.

Dungeon Overview and Level Annotations

Branches:
Dungeon (9/15)             Temple (1/1) D:5            Lair (0/6) D:9
    Orc: D:9-12

Altars:
Ashenzari
Cheibriados
Dithmenos
Elyvilon
Fedhas
Gozag
Hepliaklqana
Kikubaaqudgha
Makhleb
Nemelex Xobeh
Okawaru
Qazlal
Ru
Sif Muna
Trog
Uskayaw
Vehumet
Xom
Yredelemnul
Zin
The Shining One

Annotations:
D:5 2 runed doors


Innate Abilities, Weirdness & Mutations

You are very small and have problems with some larger weapons.
You are too small for most types of armour.
You have supernaturally acute eyesight. (SInv)
You are a herbivore.
You cover ground extremely quickly.
You need consume almost no food.


Message History

The orc priest looks satisfied for a moment.
The orc priest invokes the aid of Beogh against you.
Beogh smites you!
* * * LOW HITPOINT WARNING * * *
Evoke which item? (* to show all) (? for menu, Esc to quit)
Zapping:
G - a wand of heal wounds (3/9)
Press: ? - help, Shift-Dir - straight line, f - you You feel much better.
This wand has 2 charges left.
The orc priest calls down the wrath of Beogh upon you.
Beogh smites you!
Unknown command.
Unknown command.
Evoke which item? (* to show all) (? for menu, Esc to quit)
Zapping:
P - a wand of iceblast {zapped: 3} (will waste charges)
Press: ? - help, Shift-Dir - straight line, f - orc wizard
Aim: an orc wizard, wielding a dagger and wearing a robe Nothing appears to happen.
The orc priest mumbles some strange prayers to Beogh against you.
Beogh smites you!
You die...

#########################
................@.ooooo..
#####..##################
#..# #..# #..#
#####..###########
..................
..................
#################.


You could see 2 orc priests, 2 orc wizards and an orc.

Vanquished Creatures
  A hill giant (D:5)
  2 centaur zombies
  The ghost of Nuatha the Covert, a novice SpAK of Lugonu (D:6)
  2 kobold demonologists (D:9)
  2 trolls
  A hippogriff (D:7)
  Sigmund (D:6)
  7 yaks (D:9)
  A hungry ghost (D:8)
  A fire bat (D:5)
  A sky beast (D:8)
  2 orc warriors
  An ice beast (D:5)
  A phantom (D:8)
  6 ogres
  A wolf (D:9)
  2 centaurs
  A big kobold (D:9)
  5 bullfrogs
  A wyvern skeleton (D:7)
  A scorpion (D:7)
  2 howler monkeys
  3 crimson imps
  2 jellies
  2 centaur skeletons
  7 hounds
  6 orc priests
  An iron imp (D:6)
  6 orc wizards
  An iguana (D:9)
  3 worker ants
  3 hound skeletons
  A worker ant zombie (D:7)
  13 adders
  A shadow imp (D:9)
  2 adder zombies (D:8)
  2 adder skeletons (D:8)
  A worm (D:3)
  3 dart slugs
  4 leopard geckos
  29 orcs
  8 bats
  5 giant cockroaches
  7 goblins
  6 hobgoblins
  4 jackals
  14 kobolds
  6 quokkas
  2 ball pythons (D:3)
  9 frilled lizards
  A leopard gecko zombie (D:8)
  A quokka skeleton (D:5)
  6 rats
202 creatures vanquished.

Notes
Turn   | Place    | Note
-------+----------+-------------------------------------------
     0 | D:1      | KristoblXynda the Spriggan Artificer began the quest for the Orb.
     0 | D:1      | Reached XP level 1. HP: 9/9 MP: 4/4
    60 | D:1      | Reached skill level 2 in Stealth
   287 | D:1      | Reached XP level 2. HP: 14/14 MP: 6/6
  1363 | D:2      | Reached skill level 3 in Stealth
  1375 | D:2      | Reached XP level 3. HP: 14/17 MP: 7/7
  1670 | D:2      | Reached skill level 5 in Evocations
  2109 | D:3      | Reached XP level 4. HP: 15/21 MP: 8/8
  2272 | D:3      | Reached skill level 4 in Stealth
  2346 | D:3      | Found an ancient bone altar of Kikubaaqudgha.
  2702 | D:4      | Noticed an ogre
  2720 | D:4      | Reached skill level 5 in Stealth
  2720 | D:4      | Reached XP level 5. HP: 25/25 MP: 10/10
  2726 | D:4      | Killed an ogre
  2760 | D:4      | Reached XP level 6. HP: 13/29 MP: 11/11
  2963 | D:4      | Reached skill level 6 in Stealth
  3197 | D:5      | Entered Level 5 of the Dungeon
  3383 | D:5      | Found a staircase to the Ecumenical Temple.
  3411 | Temple   | Entered the Ecumenical Temple
  3543 | Temple   | Became a worshipper of Uskayaw the Reveler
  3572 | D:5      | Noticed an ice beast
  3580 | D:5      | Killed an ice beast
  3580 | D:5      | Reached XP level 7. HP: 32/32 MP: 13/13
  3580 | D:5      | Reached * piety under Uskayaw
  3597 | D:5      | Found a sparkling altar of Nemelex Xobeh.
  3612 | D:5      | Reached skill level 7 in Stealth
  3621 | D:5      | Found a large runed door.
  3621 | D:5      | Found a large runed door.
  3787 | D:5      | Found a large runed door.
  3787 | D:5      | Found a large runed door.
  3832 | D:5      | Reached ** piety under Uskayaw
  4111 | D:5      | Noticed a fire bat
  4111 | D:5      | an orc warrior changed into a fire bat
  4112 | D:5      | Killed a fire bat
  4112 | D:5      | Reached skill level 5 in Short Blades
  4119 | D:5      | Identified Sif Muna's Volume of the Nocuous Frostbite
  4124 | D:5      | Noticed a hill giant
  4132 | D:5      | Reached skill level 8 in Stealth
  4151 | D:5      | Reached *** piety under Uskayaw
  4174 | D:5      | Killed a hill giant
  4174 | D:5      | Reached skill level 9 in Stealth
  4174 | D:5      | Reached XP level 8. HP: 37/37 MP: 14/14
  4236 | D:6      | Found a glowing silver altar of Zin.
  4237 | D:6      | Found a white marble altar of Elyvilon.
  4238 | D:6      | Found a glowing golden altar of the Shining One.
  4269 | D:6      | Noticed a troll
  4275 | D:6      | Killed a troll
  4275 | D:6      | Reached skill level 1 in Shields
  4301 | D:6      | Noticed Sigmund
  4306 | D:6      | Killed Sigmund
  4306 | D:6      | Reached skill level 10 in Stealth
  4621 | D:6      | Found a sacrificial altar of Ru.
  4763 | D:6      | Noticed Nuatha's ghost (novice SpAK)
  4781 | D:6      | Killed Nuatha's ghost
  4781 | D:6      | Reached XP level 9. HP: 32/40 MP: 15/15
  5249 | D:6      | Reached skill level 11 in Stealth
  5280 | D:6      | Found a snail-covered altar of Cheibriados.
  5647 | D:7      | Reached skill level 1 in Invocations
  5785 | D:7      | Found an iron altar of Okawaru.
  5800 | D:7      | Reached skill level 12 in Stealth
  5921 | D:7      | Reached **** piety under Uskayaw
  6183 | D:7      | Found a blossoming altar of Fedhas.
  6962 | D:8      | Reached XP level 10. HP: 42/44 MP: 16/16
  7127 | D:8      | Found a shimmering altar of Xom.
  7130 | D:8      | Found a shadowy altar of Dithmenos.
  7995 | D:9      | Reached skill level 13 in Stealth
  8104 | D:9      | Found a radiant altar of Vehumet.
  8132 | D:9      | Reached ***** piety under Uskayaw
  8306 | D:9      | Reached skill level 5 in Invocations
  8310 | D:9      | Reached skill level 5 in Shields
  8317 | D:9      | Noticed a soul eater
  8321 | D:9      | Noticed a rust devil
  8324 | D:9      | Noticed a sixfirhy
  8325 | D:9      | Reached skill level 14 in Stealth
  8411 | D:9      | Found a deep blue altar of Sif Muna.
  8463 | D:9      | Found a staircase to the Lair.
  8512 | D:9      | Killed from afar by an orc priest

Vault maps used:
D:1:      denvon_arrival_waterhouse, moated_statue
D:3:      lemuel_doored_altar, first_bread
D:5:      kennysheep_mini, minmay_hollow_rounded_squares
D:6:      good_gods_temple_1, nicolae_ru_path_of_blood, chei_slow_surprise,
          uniq_sigmund
D:7:      fedhas_altar_fruit_tree, old_standard_altar, minmay_misc_feat_room
D:8:      minitemple, grunt_ogre_cave, roderic_cross_of_infinity
D:9:      vehumet_altar_wand_db, led_sif_pool, erik_lair_island
Temple:   jpeg_temple_island

Skill      XL: |  1  2  3  4  5  6  7  8  9 10 |
---------------+-------------------------------+-----
Stealth        | 2 3 5 6 9 10 12 14 | 14.1
Short Blades   | 2 3 4 6 |  6.0
Evocations     | 5 6 7 |  7.0
Dodging        | 6 8 |  8.8
Shields        | 2 4 5 |  5.6
Invocations    | 3 6 |  6.0
Fighting       | |  0.7
Armour         | |  0.1

Action                   |  1- 3 |  4- 6 |  7- 9 | 10-12 || total
-------------------------+-------+-------+-------+-------++-------
Melee: Short sword       |    75 |   101 |   357 |   174 ||   707
       Dagger            |    62 |   106 |       |       ||   168
Evoke: Wand              |       |     8 |    41 |    10 ||    59
       Lamp of fire      |       |       |     2 |     1 ||     3
  Use: Scroll            |       |    15 |     7 |     5 ||    27
       Potion            |       |     1 |       |       ||     1
 Stab: Sleeping          |    11 |     9 |    20 |     7 ||    47
       Distracted        |     1 |       |     3 |     1 ||     5
       Paralysed         |       |     1 |     2 |     2 ||     5
       Confused          |       |     1 |       |       ||     1
  Eat: Pizza             |       |       |     2 |       ||     2
       Bread ration      |       |       |     1 |       ||     1
Armor: Robe              |     7 |     8 |    32 |     7 ||    54
       Troll leather arm |       |       |       |     6 ||     6
Dodge: Dodged            |    93 |    79 |   181 |    85 ||   438
Block: Buckler           |       |       |    94 |    47 ||   141
